[Event "*** SCC Grand Prix: Titled Tuesday Blitz"]
[Site "Chess.com"]
[Date "2020.10.06"]
[Round "4"]
[White "Sashadav97"]
[Black "severomorskij"]
[Result "0-1"]
[WhiteElo "2600"]
[BlackElo "2763"]
[TimeControl "180+1"]
[EndTime "10:39:12 PDT"]
[Termination "severomorskij won on time"]

1. d4 Nf6 2. c4 e6 3. Nc3 Bb4 4. a3 Bxc3+ 5. bxc3 d5 6. cxd5 exd5 7. e3 Bf5 8. Ne2 O-O 9. Ng3 Bg6 10. Bd3 c5 11. O-O Nc6 12. f3 Rc8 13. Ra2 Re8 14. Re2 Qa5 15. Bb2 Bxd3 16. Qxd3 Rcd8 17. e4 Qa6 18. Qd1 cxd4 19. cxd4 dxe4 20. fxe4 Qb6 21. Rxf6 gxf6 22. Nf5 Kh8 23. Kh1 Ne7 24. Nh6 Kg7 25.
Ng4 h5 26. Ne3 Rg8 27. d5 Kf8 28. Bd4 Qa6 29. Rf2 Rg6 30. Qxh5 Rc8 31. h4 Qd3 32. d6 Qxd4 33. dxe7+ Kg8 34. Qf3 Qe5 35. Nf5 Rc1+ 36. Rf1 Rxf1+ 37. Qxf1 Rg4 38. Qf4 Rxf4 0-1

[Event "*** SCC Grand Prix: Titled Tuesday Blitz"]
[Site "Chess.com"]
[Date "2020.10.06"]
[Round "4"]
[White "vladgoncharov"]
[Black "GMJustin"]
[Result "0-1"]
[WhiteElo "2423"]
[BlackElo "2274"]
[TimeControl "180+1"]
[EndTime "10:39:12 PDT"]
[Termination "GMJustin won on time"]

1. d4 d5 2. c4 dxc4 3. Nf3 b5 4. a4 b4 5. e3 Bb7 6. Bxc4 e6 7. O-O Nd7 8. a5 a6 9. Qe2 Ngf6 10. Rd1 Be7 11.
Nbd2 O-O 12. e4 c5 13. e5 Nd5 14. Ne4 Qc7 15. Neg5 h6 16. Nh3 Rfd8 17. Bd3 cxd4 18. Bd2 Nc5 19. Rdc1 Qd7 20. Bc4 d3 21. Qe1 Rac8 22.
Kh1 b3 23. Nhg1 Nc7 24. h3 Nb5 25. Be3 Ne4 26. Bd2 Nd4 27. Qf1 Nc2 28. Rab1 Rxc4 29. Bc3 Nxc3 30. bxc3 d2 31. Nxd2 Qxd2 32. Qxc4 Qxf2 33.
Qg4 Ne3 34. Nf3 Nxg4 35. hxg4 Bxf3 36. Rb2 Qg3 0-1

[Event "*** SCC Grand Prix: Titled Tuesday Blitz"]
[Site "Chess.com"]
[Date "2020.10.06"]
[Round "4"]
[White "esapunov"]
[Black "eljanov"]
[Result "1-0"]
[WhiteElo "2649"]
[BlackElo "2822"]
[TimeControl "180+1"]
[EndTime "10:39:15 PDT"]
[Termination "esapunov won by resignation"]

1. c4 Nf6 2. Nf3 e6 3. Nc3 d5 4.
d4 Be7 5. Bg5 h6 6. Bh4 dxc4 7.
e3 c5 8. Bxc4 cxd4 9. Nxd4 Bd7 10.
O-O Nc6 11. Bb5 Nxd4 12. Qxd4 Bxb5 13. Nxb5 a6 14. Qxd8+ Rxd8 15. Nd4 Ne4 16. Bxe7 Kxe7 17. Rfd1 e5 18. Nb3 Rxd1+ 19. Rxd1 Rc8 20. f3 Nd6 21. Rd2 b6 22. Kf2 a5 23. Ke2 a4 24. Na1 Rc1 25.
Rd1 Rc5 26. Rd2 Ke6 27. Rc2 Kd5 28. e4+ Kc6 29. Kd3 b5 30. b3 g6 31. Rxc5+ Kxc5 32. Nc2 axb3 33. axb3 f5 34. b4+ Kc6 35. exf5 gxf5 36.
g4 f4 37. h4 Kd5 38. Na3 Kc6 39. Nb1 Kd5 40. Nc3+ Ke6 41. Ne4 Nc4 42. h5 Ne3 43.
Nc3 Ng2 44. Nxb5 Ne1+ 45. Ke4 Nc2 46. Nc7+ Kd6 47. Nd5 Nd4 48. g5 Ne6 49. gxh6 Ng5+ 50. Kf5 Kxd5 51. Kxg5 1-0

[Event "*** SCC Grand Prix: Titled Tuesday Blitz"]
[Site "Chess.com"]
[Date "2020.10.06"]
[Round "4"]
[White "Guenplen"]
[Black "GelmanAlexander"]
[Result "0-1"]
[WhiteElo "2841"]
[BlackElo "2576"]
[TimeControl "180+1"]
[EndTime "10:39:16 PDT"]
[Termination "GelmanAlexander won by resignation"]

1. d4 Nf6 2. Bf4 c5 3. d5 d6 4. Nc3 Nbd7 5. e4 h6 6. h3 a6 7. a4 Qa5 8. Bd2 Rb8 9. Nf3 g5 10. Bd3 Bg7 11. O-O Qc7 12. Re1 g4 13. Nh4 Ne5 14.
Bf1 gxh3 15. g3 Bg4 16. f3 Bd7 17. Kh2 Rg8 18. Bf4 Nh5 19. Bxh3 Bf6 20. Nf5 Nxf4 21. gxf4 Ng6 22. Rg1 Kf8 23. Ne2 Bxb2 24. Rb1 Bf6 25.
c4 b5 26. axb5 axb5 27. Nfg3 Bxh3 28. Kxh3 bxc4 29. Nf5 Rxb1 30. Qxb1 c3 31. Kh2 e6 32.
dxe6 fxe6 33. Ne3 Nxf4 34. Rxg8+ Kxg8 35. Nxf4 d5 36. Ng2 Be5 37. Kg3 d4 38. Qa2 c4 39.
Qa6 Qg7+ 40. Kh3 Qe7 41. Qxc4 Kg7 42. Nd3 Bf6 43. f4 e5 44. f5 Qf7 45. Kg4 Qxc4 0-1

[Event "*** SCC Grand Prix: Titled Tuesday Blitz"]
[Site "Chess.com"]
[Date "2020.10.06"]
[Round "4"]
[White "Obito24"]
[Black "dosto07"]
[Result "1-0"]
[WhiteElo "2559"]
[BlackElo "2354"]
[TimeControl "180+1"]
[EndTime "10:39:18 PDT"]
[Termination "Obito24 won on time"]

1. d4 d5 2. c4 dxc4 3. Nf3 Nf6 4. Nc3 a6 5. a4 Nc6 6. e4 Bg4 7. Be3 e6 8. Bxc4 Bb4 9. O-O Bxc3 10. bxc3 Nxe4 11. Qc2 Nd6 12. Be2 O-O 13. h3 Bf5 14.
Qb2 Na5 15. Qb4 Nc6 16. Qa3 Qe7 17. c4 Rfd8 18. Rfc1 Ne4 19. Qb2 Rab8 20. c5 h6 21. a5 Nf6 22. Bf4 Nd5 23. Bg3 Be4 24. Nd2 Bg6 25. Nc4 Qf6 26. Rd1 h5 27. Ne5 h4 28. Bh2 Nf4 29. Bf1 Rd5 30. Nxc6 Re8 31. Ne5 Be4 32. Ng4 Qg5 33. Bxf4 Qxf4 34. Qd2 Qf5 35.
Ne3 Qh5 36. Nxd5 Qxd5 37. Qf4 e5 38. dxe5 Qc6 39. Re1 Bg6 40. Rac1 1-0

[Event "*** SCC Grand Prix: Titled Tuesday Blitz"]
[Site "Chess.com"]
[Date "2020.10.06"]
[Round "4"]
[White "elohunter1999"]
[Black "Stalri"]
[Result "1-0"]
[WhiteElo "2582"]
[BlackElo "2146"]
[TimeControl "180+1"]
[EndTime "10:39:19 PDT"]
[Termination "elohunter1999 won by checkmate"]

1. e4 c5 2. Nf3 e6 3. d4 cxd4 4.
Nxd4 Nc6 5. Nc3 Nf6 6. Nxc6 bxc6 7. e5 Nd5 8. Ne4 Qc7 9. f4 f5 10. exf6 gxf6 11. Bd3 Qb6 12. a3 Be7 13. Qh5+ Kd8 14. Qe2 h6 15. c4 f5 16. Nf2 Nf6 17. Be3 c5 18. O-O-O Bb7 19. Rhg1 Rg8 20. g4 fxg4 21. Nxg4 Kc7 22. f5 Nxg4 23. Rxg4 e5 24. Be4 d6 25. Bd5 Bxd5 26. Rxd5 Rxg4 27. Qxg4 Qb3 28. Bd2 Rb8 29. Bc3 Bg5+ 30. Rd2 Qb7 31. h4 Bxd2+ 32. Kxd2 Qh1 33. f6 Qh2+ 34. Kd1 Qh1+ 35. Kc2 Qh2+ 36. Kb1 Qf4 37. Qg7+ Kc6 38. Qf7 Qe4+ 39. Ka2 Qf3 40. Qe6 Rf8 41. Bxe5 Kb7 42. Qd7+ Ka8 43. Bxd6 Rxf6 44. Qc8# 1-0

[Event "*** SCC Grand Prix: Titled Tuesday Blitz"]
[Site "Chess.com"]
[Date "2020.10.06"]
[Round "4"]
[White "FMJoseHerrera"]
[Black "Chuchofrio1"]
[Result "1-0"]
[WhiteElo "2545"]
[BlackElo "2339"]
[TimeControl "180+1"]
[EndTime "10:39:20 PDT"]
[Termination "FMJoseHerrera won by resignation"]

1. Nf3 f5 2. g3 Nf6 3. Bg2 d6 4. d3 e5 5. Nc3 Be7 6. e4 O-O 7. O-O Nc6 8. exf5 Bxf5 9. d4 exd4 10. Nxd4 Nxd4 11. Qxd4 c6 12. Bg5 h6 13. Bf4 g5 14.
Bd2 Qd7 15. Rae1 Rae8 16. Qxa7 Bh3 17. Qd4 Bxg2 18. Kxg2 Ng4 19. f4 gxf4 20. Rxf4 Rxf4 21. Bxf4 Bg5 22. Rxe8+ Qxe8 23. Qxd6 Qe1 24. Qb8+ Kg7 25. Qxb7+ Be7 26. Qa7 c5 27. Qc7 h5 28. Kf3 Qh1+ 29.
Ke2 Qxh2+ 30. Kd3 Nf2+ 31. Kc4 Kf7 32. Bd6 Ng4 33. Qxe7+ Kg6 34. Qe6+ Kg7 35. Bxc5 Qxg3 36. Bd4+ Kf8 37. Qf5+ Ke8 38. Qe6+ Kd8 39. Bf6+ Nxf6 40. Qxf6+ Kd7 41. Qf5+ Ke7 42. Ne4 Qc7+ 43. Kd3 Qa7 44. Qc5+ Qxc5 45. Nxc5 Kd6 46. Ne4+ Ke5 47. Ke3 h4 48. Nf2 h3 49. Nxh3 1-0

[Event "*** SCC Grand Prix: Titled Tuesday Blitz"]
[Site "Chess.com"]
[Date "2020.10.06"]
[Round "4"]
[White "Eliwood44"]
[Black "Chamal_Gedgafov"]
[Result "1-0"]
[WhiteElo "2408"]
[BlackElo "2152"]
[TimeControl "180+1"]
[EndTime "10:39:21 PDT"]
[Termination "Eliwood44 won by checkmate"]

1. d4 Nf6 2. Nf3 e6 3. g3 b6 4. Bg2 Bb7 5. O-O Be7 6. c4 O-O 7. d5 d6 8. dxe6 fxe6 9. Ng5 Bxg2 10. Kxg2 Qd7 11. Nc3 h6 12. Nh3 e5 13. e4 Nc6 14.
Be3 Ng4 15. Qd5+ Kh8 16. Rad1 Nxe3+ 17. fxe3 Nb4 18. Qd2 Na6 19. Ng1 Nc5 20. b4 Ne6 21. a3 a5 22. Nge2 Ng5 23. Ng1 Qc6 24. Qd5 Qd7 25. c5 axb4 26. axb4 bxc5 27. bxc5 Ra3 28. cxd6 cxd6 29. Rxf8+ Bxf8 30. Rf1 Be7 31. Qd2 Qc6 32. Nd5 Nxe4 33. Nxe7 Qb7 34. Qd5 Ra2+ 35. Kh1 Qxd5 36.
Nxd5 Rd2 37. Ne7 d5 38. Nf3 Rd3 39. Nxe5 Rxe3 40. N5g6+ Kh7 41. Nf8+ Kh8 42. Nxd5 Re2 43. Nf4 Ra2 44. Re1 Ng5 45. Re8 Nf3 46. N8g6+ Kh7 47. Rh8# 1-0

[Event "*** SCC Grand Prix: Titled Tuesday Blitz"]
[Site "Chess.com"]
[Date "2020.10.06"]
[Round "4"]
[White "vovachesss"]
[Black "zubridis"]
[Result "1-0"]
[WhiteElo "2674"]
[BlackElo "2469"]
[TimeControl "180+1"]
[EndTime "10:39:23 PDT"]
[Termination "vovachesss won on time"]

1. e4 e6 2. Qe2 c5 3. g3 Nc6 4. Bg2 g6 5. Nf3 d6 6. O-O Bg7 7. c3 Nge7 8. Rd1 e5 9. Na3 O-O 10. Nc4 h6 11. a4 Be6 12. d3 Qd7 13. Be3 Rac8 14. Nfd2 f5 15. f4 b6 16. fxe5 dxe5 17. Nf3 f4 18. gxf4 exf4 19. Bf2 g5 20. d4 g4 21. d5 gxf3 22. Bxf3 Bh3 23. dxc6 Qxc6 24.
Rd6 Qc7 25. Kh1 Rf6 26. e5 Rf5 27. Rg1 Rg5 28. Rxg5 hxg5 29. Qd3 Bf5 30. Be4 Rf8 31. Bxf5 Nxf5 32. Qd5+ Qf7 33. e6 Qe7 34. Rd7 Qe8 35.
e7+ Kh7 36. exf8=Q Qxf8 37. Rf7 Qe8 38. Qxf5+ Kg8 39.
Nd6 Qc6+ 40. Ne4 Qe8 41. Rxg7+ Kxg7 42. Qxg5+ Kf7 43. Nd6+ 1-0

[Event "*** SCC Grand Prix: Titled Tuesday Blitz"]
[Site "Chess.com"]
[Date "2020.10.06"]
[Round "4"]
[White "crescentmoon2411"]
[Black "smshk35"]
[Result "1-0"]
[WhiteElo "2798"]
[BlackElo "2448"]
[TimeControl "180+1"]
[EndTime "10:39:23 PDT"]
[Termination "crescentmoon2411 won by resignation"]

1. d4 Nf6 2. c4 e6 3. Nc3 Bb4 4. g3 Ne4 5. Bd2 Nxd2 6. Qxd2 c5 7. Nf3 O-O 8. Bg2 cxd4 9. Nxd4 Nc6 10. O-O Qb6 11.
Nc2 Ba5 12. Rab1 Nb4 13. Na4 Nxc2 14. Qxc2 Qa6 15. Nc5 Qb6 16. b4 Bxb4 17. Nd3 a5 18. a3 d5 19. axb4 dxc4 20. Qxc4 a4 21. Nc5 a3 22. Ra1 Rd8 23. Ra2 Bd7 24. Nxd7 Rxd7 25.
Rfa1 Rd4 26. Qc5 Rxb4 27. Qxb6 Rxb6 28. Rxa3 Rxa3 29. Rxa3 g6 30. Be4 Rb2 31. Bd3 b5 32. Ra8+ Kg7 33. Rb8 b4 34. Rb7 Kf6 35. f4 h6 36. Kf2 Rb3 37. h4 Rb2 38. Kf3 h5 39. e4 Rb3 40. e5+ Kg7 41. Ke3 Rb2 42. Bc4 Kg8 43. Ke4 Rg2 44. Kf3 Rb2 45. g4 Rc2 46.
Rxb4 Rc3+ 47. Ke4 hxg4 48. Be2 Rh3 49. Bxg4 Rxh4 50. Kf3 Rh2 51. Rb7 Rc2 52. Kg3 Rc1 53. Kh4 Rg1 54. Kg5 Kg7 55. Ra7 Rg2 56. Ra1 Rd2 57.
Bxe6 fxe6 58. Ra7+ Kf8 59. Kf6 Kg8 60. Kxg6 Rg2+ 61.
Kf6 Rg4 62. f5 exf5 63. e6 Rb4 64. Ra8+ Kh7 65. e7 Rb6+ 66. Kxf5 Rb5+ 67. Ke6 Rb6+ 68.
Kd5 Rb5+ 69. Kc6 Re5 70. e8=Q 1-0

[Event "*** SCC Grand Prix: Titled Tuesday Blitz"]
[Site "Chess.com"]
[Date "2020.10.06"]
[Round "4"]
[White "Jumbo"]
[Black "Lupul_Cenusiu"]
[Result "1-0"]
[WhiteElo "2720"]
[BlackElo "2515"]
[TimeControl "180+1"]
[EndTime "10:39:24 PDT"]
[Termination "Jumbo won by resignation"]

1. d4 Nf6 2. c4 e6 3. Nf3 c5 4. d5 d6 5. Nc3 Be7 6. h3 exd5 7. cxd5 O-O 8. e4 Re8 9. Bd3 Na6 10. O-O Nc7 11.
a4 b6 12. Re1 Ba6 13. Nb5 Bb7 14. Na3 Bf8 15. Bf4 h6 16. Qd2 g5 17. Bh2 Ba6 18. b3 Bxd3 19. Qxd3 Nh5 20. Nc4 Nf4 21. Bxf4 gxf4 22. Rad1 Qf6 23. e5 dxe5 24. d6 Ne6 25. Rxe5 Ng5 26. Rxe8 Rxe8 27. d7 Nxf3+ 28.
Qxf3 Rd8 29. Qb7 Qe6 30. Qxa7 Qe2 31. Rd2 Qe1+ 32. Kh2 f3 33. Qc7 Be7 34. Qg3+ Kf8 35. Qxf3 Bg5 36. Rd3 Qe6 37. Rd6 Qe7 38. Qf5 Kg7 39.
g3 Bf6 40. Kg2 Bd4 41. Rd5 Kf8 42. Nxb6 Qe2 43. Nc4 Qe6 44. Qxe6 fxe6 45. Rd6 Ke7 46. f4 Rxd7 47. Rxd7+ Kxd7 48. Kf3 Kc6 49. Ke4 Kd7 50. g4 Ke7 51. h4 Kf6 52. h5 Ke7 53. a5 Kd7 54. g5 Bg7 55. Ne5+ Kc7 56. Nf7 Kb7 57. gxh6 Bf6 58. h7 Ka6 59. h8=Q Bxh8 60. Nxh8 1-0

[Event "*** SCC Grand Prix: Titled Tuesday Blitz"]
[Site "Chess.com"]
[Date "2020.10.06"]
[Round "4"]
[White "andresgv36"]
[Black "Blagorod"]
[Result "1-0"]
[WhiteElo "2412"]
[BlackElo "2175"]
[TimeControl "180+1"]
[EndTime "10:39:24 PDT"]
[Termination "andresgv36 won by resignation"]

1. d4 d5 2. Bf4 Nf6 3. e3 e6 4.
Nf3 Bd6 5. Nbd2 O-O 6. Bd3 h6 7. Ne5 c5 8. c3 c4 9. Bb1 g5 10. Bg3 Kg7 11. h4 Rh8 12. Qf3 Bxe5 13. Bxe5 Nd7 14.
Qg3 Nxe5 15. hxg5 hxg5 16. Rxh8 Qxh8 17. dxe5 Ne4 18. Bxe4 Qh1+ 19. Nf1 dxe4 20. Qxg5+ Kf8 21.
Qd8+ Kg7 22. O-O-O b5 23. Qf6+ Kh7 24. Ng3 Qxg2 25.
Rh1+ Qxh1+ 26. Nxh1 Ba6 27. Qxf7+ Kh6 28. Qxe6+ Kh5 29. Qxa6 Rd8 30. Ng3+ Kg4 31. Qg6+ Kh3 32. Qxe4 a5 33. e6 a4 34. e7 Re8 35. Nf5 a3 36. Qf3+ Kh2 37. Qg3+ Kh1 38. Qg6 Rh8 39. Kd1 axb2 40.
Kc2 b1=Q+ 41. Kxb1 b4 42. e8=Q Rxe8 43. Qxe8 bxc3 44.
Qg6 c2+ 45. Kc1 c3 46. Nh4 1-0

[Event "*** SCC Grand Prix: Titled Tuesday Blitz"]
[Site "Chess.com"]
[Date "2020.10.06"]
[Round "4"]
[White "beto-betun"]
[Black "Butterfly"]
[Result "0-1"]
[WhiteElo "2157"]
[BlackElo "2411"]
[TimeControl "180+1"]
[EndTime "10:39:24 PDT"]
[Termination "Butterfly won by resignation"]

1. d4 Nf6 2. Nf3 g6 3. c4 Bg7 4. g3 O-O 5. Bg2 c5 6. O-O cxd4 7.
Nxd4 Nc6 8. Nc3 d6 9. Nxc6 bxc6 10. Bxc6 Rb8 11. Qc2 Qc7 12. Nd5 Nxd5 13. Bxd5 Ba6 14.
Rb1 e6 15. Bf3 Qxc4 16. Qxc4 Bxc4 17. b3 Bb5 18. Be3 a5 19. Rfd1 d5 20. Rdc1 Rfc8 21. Rxc8+ Rxc8 22. Rc1 Rxc1+ 23. Bxc1 Bc3 24. Bh6 f5 25. h4 Kf7 26. g4 Ke7 27. gxf5 gxf5 28. Kh2 Bc6 29. h5 e5 30. e3 Ke6 31. Bf8 Bb5 32. Bd1 d4 33. exd4 exd4 34. Bh6 d3 35.
Kg3 Ke5 36. Kf3 Bd4 37. Bg7+ Kd5 38. Bh6 Bc6 39. Bd2 Kc5+ 40. Kf4 Bxf2 41. Kxf5 Kb5 42. Kg5 Be4 43. Kf4 Bc6 44. Kg5 Bc5 45. Kf4 Bd5 46. Ke5 Bg2 47. Kf4 Bf1 48. Ke5 Bf2 49. Ke4 Be2 50. Bxe2 dxe2 51. Kd3 e1=Q 52. Bxe1 Bxe1 53. Ke4 Kb4 54. Kf5 h6 55. Ke4 Ka3 56. Kd3 Kxa2 57. Kc4 Ka3 0-1

[Event "*** SCC Grand Prix: Titled Tuesday Blitz"]
[Site "Chess.com"]
[Date "2020.10.06"]
[Round "4"]
[White "Fins0905"]
[Black "XDPS"]
[Result "0-1"]
[WhiteElo "2633"]
[BlackElo "2806"]
[TimeControl "180+1"]
[EndTime "10:39:25 PDT"]
[Termination "XDPS won by resignation"]

1. e4 e5 2. Nf3 Nc6 3. Bb5 a6 4. Bxc6 dxc6 5. O-O Qf6 6. d4 exd4 7. Bg5 Qd6 8. Nxd4 Ne7 9. Nc3 Bd7 10. Bh4 O-O-O 11.
Bg3 Qg6 12. Qf3 c5 13. Qf4 Qb6 14. Nb3 f6 15. a4 Be6 16. a5 Qc6 17. Rfd1 Rxd1+ 18. Rxd1 Ng6 19. Qe3 Be7 20. Nd5 Bxd5 21. exd5 Qb5 22.
h4 Re8 23. Qe6+ Qd7 24. h5 Qxe6 25. dxe6 Nf8 26. Re1 Bd6 27. Bxd6 cxd6 28. e7 Nd7 29. Nd2 Kc7 30. Nc4 Ne5 31. Ne3 Kd7 32. Nd5 h6 33. f4 Nc4 34. b3 Nxa5 35. Kf2 Nc6 36. Nb6+ Kc7 37. Nd5+ Kc8 38. Kf3 Nd4+ 39. Kg4 f5+ 40. Kh4 Kd7 41. g4 Kc6 42. c4 Nf3+ 43. Kg3 Nxe1 44. gxf5 Kd7 45. f6 gxf6 46. Nxf6+ Kxe7 47. Nxe8 Kxe8 48. Kf2 Nd3+ 49. Ke3 Nc1 50. Ke4 Nxb3 51.
Kd5 a5 52. Kxd6 a4 0-1

[Event "*** SCC Grand Prix: Titled Tuesday Blitz"]
[Site "Chess.com"]
[Date "2020.10.06"]
[Round "4"]
[White "Harry_Rakkel"]
[Black "PlotnikovPavel"]
[Result "1-0"]
[WhiteElo "2575"]
[BlackElo "2360"]
[TimeControl "180+1"]
[EndTime "10:39:25 PDT"]
[Termination "Harry_Rakkel won by checkmate"]

1. e4 c5 2. Nf3 Nc6 3. d4 cxd4 4. Nxd4 e5 5. Nb5 Nf6 6. N1c3 d6 7. Bg5 a6 8. Na3 b5 9. Nd5 Be7 10. Bxf6 Bxf6 11. c3 O-O 12. Nc2 Bg5 13. a4 bxa4 14.
Rxa4 a5 15. Bc4 Rb8 16. b3 Kh8 17. O-O f5 18. exf5 Bxf5 19. Nce3 Bd7 20. Ra2 Be6 21. Qd3 Qd7 22. Rd1 Qf7 23. Nf1 Qh5 24. Ng3 Qf7 25. Ne4 Be7 26. g3 Rfd8 27. Qe3 h6 28.
Rdd2 Bf8 29. Qd3 Qg6 30. Qe3 Bf5 31. Re2 Ne7 32. Rxa5 Nxd5 33. Bxd5 Be7 34. b4 Rdc8 35. Ra6 Qh5 36. Nxd6 Rd8 37. Nf7+ Kh7 38. Nxd8 Rxd8 39. Be4 Rd1+ 40. Re1 Bxe4 41. Qxe4+ Kh8 42. Ra8+ Rd8 43. Rxd8+ Bxd8 44. Qxe5 Qxe5 45. Rxe5 Bf6 46. Rc5 Kg8 47. b5 Kf7 48. b6 Ke7 49. b7 Kd7 50. b8=Q Be7 51.
Qc8+ Kd6 52. Qc6# 1-0

[Event "*** SCC Grand Prix: Titled Tuesday Blitz"]
[Site "Chess.com"]
[Date "2020.10.06"]
[Round "4"]
[White "andrzej"]
[Black "chenxiaoyuer"]
[Result "0-1"]
[WhiteElo "2315"]
[BlackElo "2480"]
[TimeControl "180+1"]
[EndTime "10:39:26 PDT"]
[Termination "chenxiaoyuer won on time"]

1. e4 c5 2. Nf3 d6 3. d4 cxd4 4. Nxd4 Nf6 5. Nc3 Nc6 6. Bg5 e6 7. Qd2 Qb6 8. Be3 Ng4 9. O-O-O Nxe3 10. Qxe3 Be7 11. Kb1 Nxd4 12. Qxd4 Qxd4 13. Rxd4 a6 14. a4 Bd7 15. Be2 Bf6 16. Rc4 b5 17. axb5 axb5 18. Rb4 Bxc3 19. bxc3 Ra5 20. c4 Ra4 21. Rxa4 bxa4 22.
Ka2 Ke7 23. Rb1 Rc8 24. Rb7 Rc5 25. Ka3 Kd8 26. f4 Kc8 27. Ra7 Rc7 28. Rxc7+ Kxc7 29. Kb4 Kb6 30. c3 Bc6 31. Bd3 f6 32. Bc2 g5 33. g3 h5 34. h4 gxf4 35. gxf4 e5 36. fxe5 fxe5 37. Bd3 Bd7 38. Bc2 Bc6 39. Bd3 Kc7 40.
Bc2 Kd7 41. c5 dxc5+ 42. Kxc5 a3 43. Bb3 Bxe4 44. Kb4 Kc7 45. Kxa3 Bf3 46. Kb4 e4 0-1

[Event "*** SCC Grand Prix: Titled Tuesday Blitz"]
[Site "Chess.com"]
[Date "2020.10.06"]
[Round "4"]
[White "brunomorado"]
[Black "secretsuperstar7"]
[Result "1-0"]
[WhiteElo "2441"]
[BlackElo "2258"]
[TimeControl "180+1"]
[EndTime "10:39:26 PDT"]
[Termination "brunomorado won by resignation"]

1. d4 Nf6 2. Nc3 d5 3. Bg5 e6 4. e4 dxe4 5. Nxe4 Be7 6. Bxf6 Bxf6 7. Ne2 Nd7 8. g3 Nb6 9. Bg2 O-O 10. O-O c6 11. c3 e5 12. Qc2 exd4 13. Nxf6+ Qxf6 14. Nxd4 Be6 15. Nxe6 Qxe6 16. Rfe1 Qc4 17. Re7 Rae8 18. Bf1 Qc5 19. Rxb7 Nc4 20. b4 Qd5 21. Rd1 Qe6 22. Rxa7 Rd8 23. Rxd8 Rxd8 24. Bxc4 Qxc4 25. Qd2 Re8 26.
Re7 Ra8 27. a4 h6 28. a5 c5 29. Rc7 Re8 30. Rxc5 Qg4 31. Rd5 Re2 32. Qd3 Re1+ 33. Kg2 g6 34. Rd8+ Kg7 35. Qd4+ Qxd4 36. Rxd4 Rc1 37. Rc4 Kf6 38. a6 Ra1 39. Rc6+ Ke7 40. b5 Kd7 41. c4 Ra4 42. c5 Ra5 43. Rb6 Kc7 44. Rb7+ Kc8 45. c6 f5 46. a7 g5 47.
Rb8+ Kc7 48. a8=Q Rxa8 49. Rxa8 h5 50. Ra7+ Kc8 51. c7 1-0

[Event "*** SCC Grand Prix: Titled Tuesday Blitz"]
[Site "Chess.com"]
[Date "2020.10.06"]
[Round "4"]
[White "Kaslask"]
[Black "AlexSuv"]
[Result "1-0"]
[WhiteElo "2341"]
[BlackElo "2494"]
[TimeControl "180+1"]
[EndTime "10:39:27 PDT"]
[Termination "Kaslask won on time"]

1. d4 Nf6 2. c4 e6 3. Nf3 d5 4. Nc3 Bb4 5. Bg5 h6 6. Bxf6 Qxf6 7. e3 c6 8. Rc1 O-O 9. Bd3 Nd7 10. O-O dxc4 11.
Bxc4 e5 12. Ne4 Qe7 13. a3 exd4 14. Qxd4 Ba5 15. Nd6 Bb6 16. Qd2 Nf6 17. Nxc8 Raxc8 18.
Rfd1 Rcd8 19. Qc2 Ne4 20. Rxd8 Rxd8 21. Re1 Bc7 22. g3 Re8 23. Nd2 Ng5 24. f4 Ne6 25. Nf3 Bb6 26. Kg2 Kh8 27. Qf5 Bc7 28. e4 Rd8 29.
Re2 b5 30. Ba2 a6 31. Nh4 Kg8 32. Ng6 Qe8 33. Ne5 Bxe5 34. Qxe5 Qd7 35. f5 Nd4 36. Rf2 Re8 37. Qf4 c5 38. f6 Ne6 39. Qg4 c4 40. b3 Qd4 41. bxc4 bxc4 42. Rc2 Ng5 43. Bxc4 Rxe4 44. Qc8+ Kh7 45. Qf5+ g6 46. Qf2 Qxf2+ 47. Kxf2 Rd4 48. h4 Ne4+ 49. Ke3 1-0

[Event "*** SCC Grand Prix: Titled Tuesday Blitz"]
[Site "Chess.com"]
[Date "2020.10.06"]
[Round "4"]
[White "semchik73"]
[Black "zajka-molotok"]
[Result "1/2-1/2"]
[WhiteElo "2309"]
[BlackElo "2467"]
[TimeControl "180+1"]
[EndTime "10:39:27 PDT"]
[Termination "Game drawn by repetition"]

1. Nf3 Nf6 2. c4 c6 3. Nc3 d5 4. e3 Bg4 5. cxd5 cxd5 6. Qb3 Nc6 7.
Qxb7 Bd7 8. Qb3 Rb8 9. Qd1 e5 10.
d4 Bd6 11. dxe5 Nxe5 12. Nxd5 Nxd5 13. Qxd5 Bc6 14. Qd1 Bb4+ 15. Nd2 O-O 16. Be2 Bxg2 17. Rg1 Be4 18. a3 Bxd2+ 19. Bxd2 Qh4 20. Bc3 Rfd8 21. Bxe5 Rxd1+ 22. Rxd1 Re8 23. Rxg7+ Kf8 24. Rd7 Bg6 25. Bc3 Qxh2 26. Bc4 Qh1+ 27. Kd2 Qf3 28. Rgxf7+ Bxf7 29. Rxf7+ Qxf7 30. Bxf7 Kxf7 31. f4 Kg6 32. Ke2 Kf5 33.
Kf3 h5 34. Be1 Re6 35. Bh4 a6 36. b4 Re4 37. Bg5 Rc4 38. Be7 Rc3 39. a4 Rb3 40. a5 Ke6 41. Bc5 Kf5 42. Kg3 Ke4 43. Kh4 Kf5 44. Kxh5 Rb1 45. Kh4 Rf1 46. Kg3 Ke4 47. Kg2 Rb1 48. Kg3 Rg1+ 49. Kh4 Rg2 50.
b5 axb5 51. a6 Ra2 52. a7 b4 53. Bxb4 Rxa7 54. Bc5 Rg7 55. Bd4 Rg1 56. Kh3 Rg8 57. Kh4 Rg1 58. Kh3 Rg6 59. Kh4 Rg1 1/2-1/2

[Event "*** SCC Grand Prix: Titled Tuesday Blitz"]
[Site "Chess.com"]
[Date "2020.10.06"]
[Round "4"]
[White "kuban1991"]
[Black "Iskusnyh"]
[Result "0-1"]
[WhiteElo "2808"]
[BlackElo "2571"]
[TimeControl "180+1"]
[EndTime "10:39:28 PDT"]
[Termination "Iskusnyh won on time"]

1. Nf3 c5 2. g3 g6 3. Bg2 Bg7 4. O-O Nc6 5. c4 d6 6. Nc3 e6 7. b3 Nge7 8. e3 e5 9. Bb2 O-O 10. d3 h6 11. a3 Bg4 12. h3 Be6 13. Nd2 Qd7 14. Kh2 d5 15. Qe2 d4 16. Na4 b6 17.
exd4 exd4 18. b4 Ne5 19. b5 Qc7 20. Bxa8 Rxa8 21. Nf3 Nd7 22. Bc1 g5 23. Bxg5 hxg5 24. Nxg5 Qe5 25. Qf3 Rf8 26. h4 Qd6 27. Rae1 Ne5 28.
Qh5 Bf5 29. Nb2 Qg6 30. Qxg6 N7xg6 31. Ne4 Nf3+ 32. Kg2 Nxe1+ 33. Rxe1 Ne5 34. f3 Ra8 35. a4 a6 36. g4 Be6 37. Kg3 axb5 38. cxb5 c4 39.
dxc4 Nxc4 40. Nxc4 Bxc4 41. Nd6 Be6 42. f4 Rxa4 43. f5 Bd5 44. g5 d3 45. f6 Bf8 0-1

[Event "*** SCC Grand Prix: Titled Tuesday Blitz"]
[Site "Chess.com"]
[Date "2020.10.06"]
[Round "4"]
[White "MasterSonnevanck23"]
[Black "Gahan-MG"]
[Result "0-1"]
[WhiteElo "2359"]
[BlackElo "2569"]
[TimeControl "180+1"]
[EndTime "10:39:28 PDT"]
[Termination "Gahan-MG won by resignation"]

1. c4 Nf6 2. Nc3 d5 3. d4 g6 4. cxd5 Nxd5 5. e4 Nxc3 6. bxc3 Bg7 7. Nf3 c5 8. Bb5+ Nc6 9. O-O O-O 10. Be3 Qa5 11.
Bxc6 bxc6 12. Qc2 Bg4 13. Nd2 cxd4 14. cxd4 Rfd8 15. Nb3 Qa4 16. Rfc1 e5 17. dxe5 Bxe5 18. Rab1 Rac8 19. h3 Be6 20. Nc5 Qxa2 21. Qxa2 Bxa2 22. Rb7 a5 23. Nd7 Rc7 24. Rxc7 Bxc7 25. Nc5 Be5 26. f4 Bd4 27. Bxd4 Rxd4 28. Kf2 Rc4 29. Ra1 Rc2+ 30.
Ke3 Rxg2 31. e5 Kg7 32. Ne4 a4 33. Nc3 Bb3 34. Nxa4 Bxa4 35. Rxa4 Rg3+ 36. Ke4 Rxh3 37. Rc4 g5 38. Rxc6 Rh4 39. Kf5 gxf4 40. Ke4 Rg4 41. Rc1 h5 42. Rf1 Kg6 43. Kf3 Kf5 44. Rh1 Rg3+ 45.
Kf2 Kg4 46. Ra1 Re3 47. Ra7 Rxe5 48. Rxf7 h4 49. Rg7+ Rg5 50. Rh7 h3 51. Kg1 Kg3 52. Kh1 f3 53. Rf7 f2 54. Rf8 Rg4 55. Rf7 Rf4 56. Rg7+ Kf3 57. Kh2 f1=Q 58. Rg3+ Ke4 59. Re3+ Kxe3 0-1

[Event "*** SCC Grand Prix: Titled Tuesday Blitz"]
[Site "Chess.com"]
[Date "2020.10.06"]
[Round "4"]
[White "MarceloPlaya"]
[Black "WiktoriaPOL"]
[Result "1-0"]
[WhiteElo "2254"]
[BlackElo "2044"]
[TimeControl "180+1"]
[EndTime "10:39:28 PDT"]
[Termination "MarceloPlaya won by checkmate"]

1. e4 c5 2. Nf3 g6 3. d4 cxd4 4. Nxd4 Nc6 5. Nc3 Bg7 6. Be3 Nf6 7. Bc4 Qa5 8. O-O O-O 9. Bb3 d6 10. f3 Nxd4 11. Bxd4 Bd7 12. Bxf6 Bxf6 13. Nd5 Bxb2 14. Nxe7+ Kg7 15. Rb1 Qc5+ 16. Kh1 Bd4 17. Nd5 Bb5 18.
c4 Ba6 19. Qd2 Kg8 20. Rfd1 Bg7 21. Ne7+ Kh8 22. Qxd6 Qa5 23. Qd2 Qc5 24. Nd5 Rac8 25.
Qe3 Qa5 26. Qxa7 Rc5 27. Qb6 Rxd5 28. Qxa5 Rxa5 29. Rd5 Rxd5 30. cxd5 f5 31. Bc2 fxe4 32. Bxe4 Rd8 33. g3 g5 34. Kg2 h6 35. Kh3 Kg8 36.
Kg4 Kf7 37. Rc1 Rd7 38. Rc8 b5 39. Rb8 Bb7 40. Bf5 Rc7 41. d6 Rc4+ 42. Kh3 Bxf3 43. d7 g4+ 44. Kh4 Bf6+ 45. Kh5 Rd4 46. Rb7 Rd2 47.
d8=Q+ Bxb7 48. Bg6+ Kg7 49. Qc7+ Kf8 50. Qf7# 1-0